[Event "Late-Titled-Tuesday-Blitz-February-20-2024"]
[Site "Chess.com"]
[Date "2024.02.20"]
[Round "8"]
[White "DrVelja"]
[Black "IlyaGrigorjev"]
[Result "1-0"]
[WhiteElo "2988"]
[BlackElo "2907"]
[TimeControl "180+1"]
[EndTime "15:28:40 PST"]
[Termination "DrVelja won by resignation"]

1. e4 e5 2. Nf3 Nc6 3. Bb5 a6 4. Ba4 Nge7 5. O-O Ng6 6. d4 exd4 7. Nxd4 Nxd4 8. Qxd4 b5 9. Bb3 Bb7 10. Rd1 Qe7 11. c4 Qd6 12. Nc3 Qxd4 13. Rxd4 Bc5 14. Rd1 bxc4 15. Bxc4 Ne5 16. Bd5 O-O-O 17. Bf4 Ng4 18.
Bg3 h5 19. Na4 Bxd5 20. Nxc5 Bb7 21. f3 Nf6 22. Rac1 d6 23. Nb3 h4 24. Bf2 Rh5 25. h3 Kb8 26. Nd4 Nd7 27. b4 Ne5 28.
a4 g6 29. b5 axb5 30. Nxb5 Bc6 31. f4 Bxb5 32. axb5 Nd7 33. e5 dxe5 34. b6 cxb6 35.
Bxb6 Rc8 36. Ba7+ Kxa7 37. Rxc8 Kb7 38. Rc2 Nb6 39. Rb1 g5 40. Rcb2 Rh6 41. fxg5 Re6 42. Rf2 Kc6 43. Rxf7 Nd5 44. g3 hxg3 45. h4 e4 46. h5 e3 47. g6 e2 48. Re1 Nf6 49.
h6 Ng8 50. h7 Rxg6 51. h8=Q Nf6 1-0

[Event "Late-Titled-Tuesday-Blitz-February-20-2024"]
[Site "Chess.com"]
[Date "2024.02.20"]
[Round "8"]
[White "MusicCityMaster"]
[Black "Onthequiet"]
[Result "1-0"]
[WhiteElo "2556"]
[BlackElo "2432"]
[TimeControl "180+1"]
[EndTime "15:28:40 PST"]
[Termination "MusicCityMaster won by resignation"]

1. e4 c6 2. c4 e5 3. Nf3 Qc7 4. d4 d6 5. Nc3 Ne7 6. Be2 Bg4 7.
Be3 Nd7 8. O-O Ng6 9. Nd2 Bxe2 10. Qxe2 Be7 11. g3 Bf6 12. d5 O-O 13. h4 Rfc8 14. h5 Ngf8 15. g4 h6 16. Kh1 Nh7 17. Nf3 a6 18. Rg1 Qd8 19. Rg3 c5 20. Rag1 Bg5 21.
Bxg5 Nxg5 22. Nh4 Nf6 23. Nf5 Kh7 24. Qe3 Ng8 25. f4 exf4 26. Qxf4 b5 27. Nxd6 Rc7 28. e5 bxc4 29. Nce4 Rb8 30. Qf5+ Kh8 31. Nxg5 Qxg5 32. Qxg5 hxg5 33. Nxc4 Rd7 34. d6 Re8 35. Rf3 f6 36.
Re1 fxe5 37. Rxe5 Rb8 38. Rxg5 Nf6 39. h6 Ne4 40. hxg7+ Rxg7 41. Rxg7 Kxg7 42. b3 Rd8 43. Kg2 Nxd6 44. Rd3 Nf7 45. Rxd8 Nxd8 46. Kf3 Kf6 47. Ke4 Ke6 48. g5 Nf7 49. g6 Ng5+ 50. Kf4 Nh3+ 51. Kg4 Nf2+ 52. Kh5 Kf6 53. Kh6 Ng4+ 54.
Kh7 Ke7 55. g7 Nf6+ 56. Kh8 Kf7 57. Ne5+ Ke6 58. Nd3 Kf7 59. Nxc5 Ng8 60. Nxa6 Ne7 61. Nc5 Ng6+ 62. Kh7 Ne7 63. Nd7 Ng8 64. Ne5+ Ke6 65. Kxg8 Kxe5 66. Kf7 Kd4 67. g8=Q Kc3 68. Ke6 1-0

[Event "Late-Titled-Tuesday-Blitz-February-20-2024"]
[Site "Chess.com"]
[Date "2024.02.20"]
[Round "8"]
[White "Yushko_Olga"]
[Black "KorolDimitriy75"]
[Result "0-1"]
[WhiteElo "2218"]
[BlackElo "2420"]
[TimeControl "180+1"]
[EndTime "15:28:40 PST"]
[Termination "KorolDimitriy75 won by checkmate"]

1. d4 Nf6 2. c4 c5 3. d5 b5 4.
cxb5 a6 5. b6 d6 6. Nc3 Nbd7 7.
e4 g6 8. Nf3 Bg7 9. Bd3 O-O 10.
h3 Nxb6 11. O-O e6 12. Be2 exd5 13. exd5 Bb7 14. Bg5 h6 15. Bxf6 Qxf6 16. Qb3 Qd8 17. Rad1 Rb8 18. Rfe1 Re8 19. Rd2 Qc7 20. Nd1 c4 21. Qc2 Bxd5 22. Ne3 Be6 23. Nxc4 Nxc4 24. b3 d5 25. Rc1 Rec8 26. bxc4 dxc4 27. Nd4 Bd5 28.
Nf3 Qc5 29. Rcd1 Be6 30. Nd4 Bd7 31. Nf3 Rb2 32. Qc1 Rxd2 33. Rxd2 Be6 34. Rc2 c3 35. Bd3 Kh7 36. Qf4 Rd8 37. Ne1 a5 38. Qa4 Qb4 39.
Qc6 Rd6 40. Qe4 Rd4 41. Qe3 Qe7 42. Nf3 Rd8 43. Ne1 Qd6 44. a4 Qb4 45. Bb5 Bf5 46.
Rc1 Qb2 47. g4 Rd2 48. gxf5 Qxc1 49. fxg6+ fxg6 50. Bd3 Rd1 51. Qg3 Rxe1+ 52. Kh2 Qg5 53. Qc7 Qg1# 0-1

[Event "Late-Titled-Tuesday-Blitz-February-20-2024"]
[Site "Chess.com"]
[Date "2024.02.20"]
[Round "8"]
[White "NtcPou"]
[Black "Teidi96"]
[Result "0-1"]
[WhiteElo "2006"]
[BlackElo "2259"]
[TimeControl "180+1"]
[EndTime "15:28:40 PST"]
[Termination "Teidi96 won by resignation"]

1. e4 Nf6 2. e5 Nd5 3. d4 d6 4. Nf3 Nc6 5. exd6 exd6 6. Be2 Be7 7. O-O Bf6 8. c4 Nb6 9. Be3 O-O 10. Nc3 Bf5 11. b3 d5 12. c5 Nc8 13. Qd2 h6 14. a3 a5 15. h3 N8e7 16. Nb5 g5 17. Nh2 Bg6 18. f4 gxf4 19. Bxf4 Bg7 20. Bxc7 Qd7 21.
Bd6 Nf5 22. Bg4 Rfe8 23. Bxf5 Bxf5 24. Nf3 Be4 25. Nc7 Bxf3 26. Nxa8 Bxd4+ 27. Kh2 Rxa8 28. Rxf3 Bxa1 29. Qxh6 Be5+ 30. Kh1 Re8 31. Qg5+ Bg7 32. Rg3 Re1+ 33. Kh2 f5 34. Bf4 Nd4 35. Be5 Rxe5 36. Qf4 Qe7 37. Qxd4 Qe6 38. Qf4 Re4 39. Qg5 Qf7 40.
Qd8+ Re8 41. Qd6 f4 42. Rg4 f3 43. Qg3 f2 44. Rxg7+ Qxg7 45. Qxf2 Qf7 46. Qg3+ Kf8 47. Qd6+ Qe7 48. Qxd5 Qe5+ 49. Qxe5 Rxe5 50. b4 axb4 51. axb4 Re4 52. b5 Re5 53. c6 bxc6 54. bxc6 Rc5 0-1

[Event "Late-Titled-Tuesday-Blitz-February-20-2024"]
[Site "Chess.com"]
[Date "2024.02.20"]
[Round "8"]
[White "Bilan_Danila"]
[Black "Ajedrez_con_German"]
[Result "1-0"]
[WhiteElo "2477"]
[BlackElo "2617"]
[TimeControl "180+1"]
[EndTime "15:28:41 PST"]
[Termination "Bilan_Danila won on time"]

1. d4 d5 2. Nf3 Nf6 3. c4 dxc4 4. e3 e6 5. Bxc4 a6 6. O-O c5 7. dxc5 Bxc5 8. a3 Qxd1 9. Rxd1 Ke7 10. b4 Bd6 11. Bb2 b5 12. Be2 Bb7 13. Nbd2 Nbd7 14. Nb3 Rac8 15. Na5 Ba8 16. Nd4 Rc7 17. Bf3 Bxf3 18.
gxf3 Rhc8 19. f4 Nb6 20. Nf3 Nc4 21. Nxc4 Rxc4 22. Be5 Bxe5 23. Nxe5 R4c7 24. a4 Nd7 25. Nf3 Rb8 26. axb5 Rxb5 27. Rd4 Rcb7 28. Rxa6 Rxb4 29. Rxb4 Rxb4 30. Ra7 f6 31. Nd4 Rc4 32. Kg2 g6 33.
Ra6 Nf8 34. Kf3 Rc7 35. h4 Kf7 36. Nb5 Rd7 37. Rc6 Ke7 38. Ra6 Kf7 39. Rc6 Ke7 40.
Ra6 Rb7 41. Nd6 Rd7 42. Ne4 Kf7 43. Ra5 Re7 44. h5 Nd7 45. h6 Nf8 46. Nd6+ Kg8 47. Ra8 Rd7 48. Ne4 1-0

[Event "Late-Titled-Tuesday-Blitz-February-20-2024"]
[Site "Chess.com"]
[Date "2024.02.20"]
[Round "8"]
[White "TokChess"]
[Black "Fandorine"]
[Result "1/2-1/2"]
[WhiteElo "2565"]
[BlackElo "2904"]
[TimeControl "180+1"]
[EndTime "15:28:43 PST"]
[Termination "Game drawn by agreement"]

1. e4 c5 2. Nf3 g6 3. g3 Bg7 4. Bg2 Nc6 5. O-O Nf6 6. Re1 O-O 7. d3 d6 8. e5 dxe5 9. Nxe5 Nxe5 10. Rxe5 Ng4 11.
Re2 c4 12. Nc3 cxd3 13. Qxd3 Qxd3 14. cxd3 e6 15. Ne4 Bd7 16. Nc5 Bc6 17. Nxb7 Bxg2 18.
Kxg2 Rab8 19. Nc5 Rfd8 20. h3 Nf6 21. Bf4 Rb5 22. Ne4 Nh5 23. Be3 a6 24. Nc3 Rb7 25. Rd1 Nf6 26. d4 h5 27. Rc2 Rdb8 28. Na4 Nd5 29. b3 Rd8 30. Nc5 Rc7 31. Bg5 Rdc8 32. Be3 e5 33. Rc4 f5 34. Nxa6 Rxc4 35. bxc4 Rxc4 36. dxe5 Nxe3+ 37. fxe3 Rc2+ 38. Kf3 Bxe5 39. Nb4 Rc4 40. Nd3 Bf6 41. Rd2 g5 42. h4 gxh4 43. gxh4 Rxh4 44. Nf4 Bg5 45. Rd5 Bxf4 46. exf4 Rh3+ 47.
Kg2 Ra3 48. Rxf5 Rxa2+ 49. Kg3 Kg7 50. Rxh5 Kg6 51. Rg5+ Kf6 52. Kg4 1/2-1/2

[Event "Late-Titled-Tuesday-Blitz-February-20-2024"]
[Site "Chess.com"]
[Date "2024.02.20"]
[Round "8"]
[White "GMBenjaminBok"]
[Black "slavenok"]
[Result "1-0"]
[WhiteElo "3000"]
[BlackElo "2753"]
[TimeControl "180+1"]
[EndTime "15:28:48 PST"]
[Termination "GMBenjaminBok won by checkmate"]

1. d4 d5 2. c4 e6 3. Nc3 Nf6 4. cxd5 Nxd5 5. e4 Nxc3 6. bxc3 c5 7. Rb1 cxd4 8. cxd4 Be7 9. Nf3 O-O 10. h4 b6 11. h5 Ba6 12. h6 g6 13. Bxa6 Nxa6 14. O-O Nc7 15. Bf4 Bd6 16. Be3 Rc8 17. Qa4 a5 18. Rxb6 f5 19. d5 e5 20. Bg5 Qe8 21.
Qxe8 Nxe8 22. Nd2 Bb4 23. Re6 Nd6 24. Be7 Rfe8 25. Bxd6 Bxd2 26. Rxe8+ Rxe8 27. Rd1 Bxh6 28. Bc7 Rc8 29. d6 Bg5 30. exf5 gxf5 31. Rd5 Bf6 32. Bxa5 Rc1+ 33. Kh2 Rc2 34. d7 Rxf2 35. d8=Q+ Bxd8 36. Bxd8 Rxa2 37. Rxe5 f4 38. Rf5 Kg7 39. Rxf4 Kg6 40. Rg4+ Kf5 41. Rh4 Kg6 42. Bb6 Rb2 43. Be3 Rb3 44. Bf4 Rb4 45. g3 Rb2+ 46. Kh3 Rb1 47. Kg4 Rb5 48. Rh6+ Kg7 49. Rc6 Rd5 50. Bh6+ Kf7 51.
Bg5 Rb5 52. Kh5 Rb3 53. Bh4 Kg7 54. Rc7+ Kg8 55. g4 Rb5+ 56. g5 Rb4 57. Bg3 Rb3 58. Be5 Rb5 59. Bf6 Rb1 60. Rg7+ Kf8 61. Rxh7 Rh1+ 62. Kg6 Rd1 63. Rh8# 1-0

[Event "Late-Titled-Tuesday-Blitz-February-20-2024"]
[Site "Chess.com"]
[Date "2024.02.20"]
[Round "8"]
[White "vanyakuba"]
[Black "Dinamo3"]
[Result "1-0"]
[WhiteElo "2410"]
[BlackElo "2503"]
[TimeControl "180+1"]
[EndTime "15:28:49 PST"]
[Termination "vanyakuba won on time"]

1. e4 c5 2. c3 Nf6 3. e5 Nd5 4. g3 Nc6 5. Bg2 Nb6 6. Nf3 d5 7. d4 cxd4 8. cxd4 Bg4 9. Nc3 e6 10. Be3 Nc4 11. O-O Qb6 12. Na4 Qa5 13. b3 Nxe3 14.
fxe3 Ba3 15. Qd2 Bb4 16. Qe2 b5 17. Nb2 O-O 18. a3 Bxa3 19. Nd3 b4 20. Nc5 Qc7 21.
Na6 Qb6 22. h3 Bh5 23. g4 Bg6 24. Nc5 Qc7 25. Na6 Qe7 26. Ne1 Rac8 27. Nd3 f6 28. exf6 Rxf6 29. Nac5 Rcf8 30. Rxf6 Rxf6 31. Nf4 h6 32.
Nxg6 Rxg6 33. Qb5 Nd8 34. Qb8 Kh7 35. Rf1 Rf6 36. Rxf6 gxf6 37. Qc8 Bc1 38. Kf2 Bd2 39. Ke2 Bc3 40. Nxe6 Nxe6 41. Bxd5 Nf8 42. Qf5+ Kg7 43. Be4 Qd6 44. Qf2 a5 45. h4 a4 46. bxa4 b3 47. g5 fxg5 48. hxg5 hxg5 49. Qf5 Qf6 50. Qc8 Bb4 51. Qc4 Qe7 52. Qxb3 Bd6 53. Qd5 Nd7 54.
Qf5 Nf8 55. a5 1-0

[Event "Late-Titled-Tuesday-Blitz-February-20-2024"]
[Site "Chess.com"]
[Date "2024.02.20"]
[Round "8"]
[White "GnowReopard"]
[Black "Polstastisch"]
[Result "1-0"]
[WhiteElo "2830"]
[BlackElo "2430"]
[TimeControl "180+1"]
[EndTime "15:28:54 PST"]
[Termination "GnowReopard won on time"]

1. e4 c5 2. Ne2 Nc6 3. d4 cxd4 4. Nxd4 Nf6 5. Nc3 e5 6. Ndb5 d6 7. Bg5 a6 8. Na3 b5 9. Nd5 Be7 10. Bxf6 Bxf6 11. c4 b4 12. Nc2 Rb8 13. b3 O-O 14.
g3 Bg5 15. h4 Bh6 16. Bh3 a5 17. Bxc8 Qxc8 18. Qd3 f5 19. exf5 Qxf5 20. Qxf5 Rxf5 21. Nde3 Bxe3 22. Nxe3 Rf3 23. O-O Nd4 24. Kg2 Rf7 25.
Rad1 a4 26. bxa4 Ra7 27. Rd2 Rxa4 28. Rb1 Rba8 29. Rbb2 Kf7 30. Nd5 Rb8 31. Rd3 Ke6 32. Rd1 b3 33. axb3 Rxc4 34. bxc4 Rxb2 35. Ra1 Rb7 36. Ra6 Kd7 37. h5 Ne6 38. Ra8 Nc5 39. Rh8 h6 40. Rg8 Ke6 41. Re8+ Kf7 42. Rd8 Rd7 43. Rc8 Ke6 44. f3 Rb7 45. Kh3 Kf7 46. Kg4 Ke6 47. f4 e4 48. Re8+ Kf7 49. Rd8 Ke6 50.
f5+ Ke5 51. Nf4 e3 52. Ng6+ Kd4 53. Rxd6+ Kc3 54. Kf3 Kxc4 55. Kxe3 Rb3+ 56. Kf4 Nd3+ 57. Kg4 Nf2+ 58. Kh4 Rxg3 59. Rc6+ Kd5 60. Ne7+ Ke5 61. Kxg3 Ne4+ 62. Kg2 1-0

[Event "Late-Titled-Tuesday-Blitz-February-20-2024"]
[Site "Chess.com"]
[Date "2024.02.20"]
[Round "8"]
[White "steepedgames"]
[Black "DonJuanEGenaro"]
[Result "0-1"]
[WhiteElo "2549"]
[BlackElo "2159"]
[TimeControl "180+1"]
[EndTime "15:28:54 PST"]
[Termination "DonJuanEGenaro won by checkmate"]

1. d4 Nf6 2. Bg5 Ne4 3. Bf4 c5 4. f3 Nf6 5. d5 Qb6 6. Bc1 e6 7. e4 exd5 8. exd5 d6 9. c4 Bf5 10. Nc3 Be7 11. Nge2 O-O 12. Ng3 Bg6 13. Bd3 Nbd7 14.
f4 Bxd3 15. Qxd3 g6 16. O-O Ng4 17. h3 Nh6 18. f5 Kg7 19. Nce4 Nf6 20. Qe3 Nhg8 21.
h4 Ng4 22. Qg5 Bxg5 23. hxg5 f6 24. Rf4 gxf5 25. Nxf5+ Kg6 26. Nh4+ Kh5 27. gxf6 Kxh4 28. f7 Nh6 29. Bd2 Qxb2 30. Raf1 Qd4+ 31. Kh1 Rxf7 32. Be1+ Kh5 33. Ng3+ Kg6 34. Rxd4 Rxf1+ 35. Nxf1 cxd4 36.
Kg1 Re8 37. Bd2 d3 38. Ng3 Nf5 39. Nf1 Nd4 40. a3 Re2 41. g3 Nf2 42. Be3 Nh3+ 43. Kh1 Nf3 44. a4 d2 45. Bxd2 Rf2 46. Be3 Rxf1+ 47.
Kg2 Re1 48. Kxf3 Ra1 49. Kg4 Rxa4 50. Kxh3 Rxc4 51. Bf4 b6 52. Bxd6 b5 53. Bb8 b4 54.
Bxa7 b3 55. Bd4 Rxd4 56. d6 Rxd6 57. Kh4 Rd3 58. g4 Rd4 59. Kh3 Kg5 60. Kh2 Rd3 61. Kh1 Kxg4 62. Kh2 Rd2+ 63. Kh1 Kg3 64. Kg1 Rd1# 0-1

[Event "Late-Titled-Tuesday-Blitz-February-20-2024"]
[Site "Chess.com"]
[Date "2024.02.20"]
[Round "8"]
[White "kylelancman"]
[Black "IngOscarArdila"]
[Result "0-1"]
[WhiteElo "2432"]
[BlackElo "2269"]
[TimeControl "180+1"]
[EndTime "15:28:55 PST"]
[Termination "IngOscarArdila won by checkmate"]

1. e4 e5 2. Nf3 Nf6 3. Nc3 Nc6 4. a3 d6 5. d4 exd4 6. Nxd4 Bd7 7. Bc4 Be7 8. O-O O-O 9. Re1 Ne5 10. Be2 Re8 11.
h3 a6 12. Be3 c5 13. Nf3 Qc7 14. Bg5 Bc6 15. Nxe5 dxe5 16. Bxf6 Bxf6 17. Bc4 b5 18.
Bd5 Rad8 19. Qf3 Bd7 20. Rad1 b4 21. Nb1 Bb5 22. Qb3 a5 23. c4 Bd7 24. a4 g6 25.
Qc2 Kg7 26. Nd2 h5 27. b3 Bc8 28. Nf1 Rf8 29. Rd3 Bg5 30. Red1 f5 31. exf5 Bxf5 32. Qe2 Bxd3 33. Rxd3 Qd6 34. Ng3 Qe7 35. Ne4 Bf4 36. g3 Bh6 37. h4 Rf5 38. Kg2 Rdf8 39. f3 g5 40. hxg5 Bxg5 41. Qf2 h4 42. g4 Rf4 43. Qxc5 h3+ 44. Kg3 Qxc5 45. Nxc5 h2 46. Ne6+ Kg6 47. Kxh2 Rh8+ 48. Kg3 Rf6 49. Be4+ Kh6 50.
Nc5 Bf4+ 51. Kg2 Kg5 52. Rd7 Rh2+ 53. Kg1 Rfh6 54. Rg7+ Kf6 55. g5+ Bxg5 56. Rg8 Be3+ 57. Kf1 Bxc5 58. f4 Rf2+ 59. Ke1 exf4 60. Bd5 Rhh2 61.
Rg4 Be3 62. Rg8 Re2+ 63. Kf1 Rhf2+ 64. Kg1 Re1# 0-1

[Event "Late-Titled-Tuesday-Blitz-February-20-2024"]
[Site "Chess.com"]
[Date "2024.02.20"]
[Round "8"]
[White "platy3"]
[Black "Rud_Makarian"]
[Result "0-1"]
[WhiteElo "2954"]
[BlackElo "3081"]
[TimeControl "180+1"]
[EndTime "15:28:57 PST"]
[Termination "Rud_Makarian won by resignation"]

1. e4 c5 2. Nf3 d6 3. d4 cxd4 4. Nxd4 Nf6 5. Nc3 a6 6. Bd3 g6 7. f3 Bg7 8. Be3 O-O 9. Qd2 b5 10. O-O-O Bb7 11. Bh6 b4 12. Nce2 a5 13. h4 e5 14. Nf5 Bxh6 15. Nxh6+ Kh8 16. Bc4 d5 17. exd5 Qd6 18. g4 Nbd7 19. g5 Nh5 20. Bb5 Nc5 21. Qe3 Ba6 22. Bc6 Ra7 23. Rhe1 Re7 24. Kb1 a4 25.
Nc1 f5 26. gxf6 Nxf6 27. Qd2 Kg7 28. Rg1 Bc8 29. Ng4 Bxg4 30. fxg4 a3 31. Nb3 Nxb3 32. axb3 axb2 33. Rde1 Ra7 34. g5 Nh5 35. Kxb2 Qc5 36. Ra1 Ra3 37. Rxa3 bxa3+ 38. Ka2 Qxg1 39. d6 Qc5 40.
Ba4 Rd8 41. d7 Nf4 42. b4 Qc4+ 43. Kxa3 Ne6 44. Qd6 Kf7 45. Bb3 Ra8+ 46. Kb2 Qd4+ 47. Qxd4 exd4 48. Bd5 Rd8 49. Bc6 Ke7 50. Kb3 Kd6 51.
b5 Nf8 52. Kc4 Nxd7 53. Kxd4 Nc5 54. Kc4 Rf8 55. Kb4 Rf4+ 56. Ka5 Ra4+ 57. Kb6 Rxh4 0-1

[Event "Late-Titled-Tuesday-Blitz-February-20-2024"]
[Site "Chess.com"]
[Date "2024.02.20"]
[Round "8"]
[White "AlexeiShirov"]
[Black "zverr1"]
[Result "1-0"]
[WhiteElo "2849"]
[BlackElo "2575"]
[TimeControl "180+1"]
[EndTime "15:28:58 PST"]
[Termination "AlexeiShirov won on time"]

1. e4 c5 2. Nf3 Nc6 3. d4 cxd4 4.
Nxd4 g6 5. Nc3 Bg7 6. Be3 Nf6 7. Bc4 Qa5 8. Nb3 Qd8 9. O-O d6 10. h3 O-O 11. f4 Na5 12. Bd3 Nxb3 13. axb3 d5 14.
Ra4 dxe4 15. Nxe4 Nxe4 16. Bxe4 Qxd1 17. Rxd1 Bxb2 18. Bc5 Re8 19. g4 Bg7 20. Kf2 f5 21. gxf5 gxf5 22. Bf3 e5 23. Bh5 Be6 24. Bxe8 Rxe8 25.
Rxa7 Rc8 26. b4 b6 27. Bxb6 Rxc2+ 28. Ke1 Rc8 29. Rd8+ Rxd8 30. Bxd8 exf4 31. Kd2 Bd4 32. Ra6 Be3+ 33. Kd3 Bd5 34. Bb6 Be4+ 35. Ke2 Bc1 36. Bc5 f3+ 37. Kf2 Bd3 38. Ra8+ Kf7 39. Ra7+ Kg6 40.
Kxf3 Be4+ 41. Kf2 f4 42. Ra6+ Kf5 43. Ra1 Bb2 44. Ra2 Bc3 45. Ra5 Kg6 46. Ra6+ Kf5 47. b5 Bd3 48. Rb6 Bc4 49. Rb8 Ke4 50. b6 Kd5 51. b7 Kxc5 52. Rc8+ Kd5 53. b8=Q Bd4+ 54.
Kf3 Bd3 55. Qb7+ Ke5 56. Qc7+ Kf5 57. Qd7+ Ke5 58. Qe7+ Kf5 59. Rf8+ Kg6 60. Qf7+ Kg5 61. Qxf4+ 1-0

[Event "Late-Titled-Tuesday-Blitz-February-20-2024"]
[Site "Chess.com"]
[Date "2024.02.20"]
[Round "8"]
[White "DeArron_Fox"]
[Black "Godzillator"]
[Result "1-0"]
[WhiteElo "2504"]
[BlackElo "2324"]
[TimeControl "180+1"]
[EndTime "15:28:58 PST"]
[Termination "DeArron_Fox won on time"]

1. d4 d5 2. c4 e6 3. Nc3 Nf6 4. cxd5 exd5 5. Bg5 Be7 6. e3 c6 7. Bd3 Nbd7 8. Qc2 O-O 9. Nf3 Re8 10. O-O Nf8 11.
Ne5 Ng6 12. h3 Nd7 13. Bxe7 Qxe7 14. f4 f6 15. Nxg6 Qxe3+ 16. Kh1 hxg6 17. Bxg6 Re7 18. Rad1 Nf8 19. Bf5 Bxf5 20. Qxf5 Rae8 21. Kh2 Qe6 22.
Qxe6+ Rxe6 23. Kg3 Re3+ 24. Kf2 Ng6 25. g3 b5 26.
Rfe1 R3e7 27. Nb1 Kf7 28. Nd2 Rxe1 29. Rxe1 Rxe1 30. Kxe1 Ke6 31. Kf2 Ne7 32. Nb3 Kd6 33. g4 g5 34. Kg3 Ng6 35. f5 Nf8 36. h4 gxh4+ 37. Kxh4 a5 38. Nxa5 Kc7 39. g5 fxg5+ 40. Kxg5 c5 41. dxc5 d4 42. Kf4 b4 43. Ke4 Nd7 44. Kxd4 Nf6 45. Kc4 Ng4 46. Kxb4 Ne3 47.
f6 Nd5+ 48. Kc4 Nxf6 49. b4 Ne4 50. Nb3 Kb7 51. a4 Nf2 52. b5 Nd1 53. a5 Nb2+ 54. Kd5 Na4 55. c6+ Kc7 56. Nc5 Nc3+ 57. Kc4 Ne2 58.
Ne6+ Kd6 59. a6 1-0

[Event "Late-Titled-Tuesday-Blitz-February-20-2024"]
[Site "Chess.com"]
[Date "2024.02.20"]
[Round "8"]
[White "emeli_chess"]
[Black "FredddieCroderg"]
[Result "1-0"]
[WhiteElo "2419"]
[BlackElo "2209"]
[TimeControl "180+1"]
[EndTime "15:28:59 PST"]
[Termination "emeli_chess won on time"]

1. d4 d5 2. c4 e6 3. Nc3 Nf6 4.
cxd5 exd5 5. Bg5 Be7 6. e3 O-O 7. Bd3 Re8 8. Qc2 h6 9. Bh4 c5 10.
dxc5 Nc6 11. Nf3 d4 12. Ne2 Nb4 13. Qd1 dxe3 14. Bb5 exf2+ 15. Bxf2 Qxd1+ 16. Rxd1 Rd8 17. Rxd8+ Bxd8 18. a3 Nc6 19. O-O Be6 20. Nc3 Be7 21. b4 Rd8 22. Rd1 Rxd1+ 23. Nxd1 Ne4 24. Be1 a5 25. Bxc6 bxc6 26. Nd4 Bd5 27. Ne3 Bf6 28. Ndf5 axb4 29. Nxd5 cxd5 30. axb4 g6 31. Nxh6+ Kg7 32. Ng4 Bd4+ 33. Kf1 f5 34. Nf2 Nc3 35. Nd3 Nb5 36. Bf2 Bc3 37. Ke2 Kf6 38. h3 g5 39. g4 f4 40. h4 gxh4 41. Bxh4+ Kf7 42. Kf3 Nd4+ 43. Kxf4 Ne6+ 44. Kf5 Ng7+ 45. Kf4 Ne6+ 46. Ke3 d4+ 47. Ke4 Nc7 48. Bf2 Nb5 49. Kd5 Ke7 50. Kc4 Na3+ 51. Kd5 Nb5 52. g5 Kf7 53. c6 Kg6 54.
Kc5 Nc7 55. Bxd4 Ne6+ 56. Kd6 Nxd4 57. Nf4+ 1-0

[Event "Late-Titled-Tuesday-Blitz-February-20-2024"]
[Site "Chess.com"]
[Date "2024.02.20"]
[Round "8"]
[White "Zhigalko_Sergei"]
[Black "Alphafischer2019"]
[Result "1-0"]
[WhiteElo "2930"]
[BlackElo "2676"]
[TimeControl "180+1"]
[EndTime "15:29:00 PST"]
[Termination "Zhigalko_Sergei won by resignation"]

1. e4 e5 2. Nf3 Nf6 3. d4 Nxe4 4. Bd3 d5 5. Nxe5 Nd7 6. Nxd7 Bxd7 7. O-O Be7 8. Re1 Bf5 9. Bf4 Bg6 10. Qe2 O-O 11.
Nd2 Bd6 12. Bxe4 Bxf4 13. Bxg6 hxg6 14. Nf3 Re8 15. Qb5 Rxe1+ 16. Rxe1 Rb8 17. g3 c6 18. Qa4 Bc7 19. Qxa7 Qf6 20. Kg2 Qf5 21. c3 Bd6 22. Qa4 g5 23. Qd1 Ra8 24. a3 f6 25. h3 Kf7 26.
Nh2 Rh8 27. Qg4 g6 28. Re2 Rd8 29. Nf1 Qd3 30. Qe6+ Kg7 31. Ne3 f5 32. Nf1 Bf8 33.
Qe5+ Kg8 34. Re3 Qc2 35. Qf6 Rd6 36. Qxg5 Qxb2 37. Re8 Kf7 38. Rb8 Bg7 39. Qf4 Re6 40.
g4 Qc2 41. Qc7+ Re7 42. Qc8 Qe4+ 43. Kg1 fxg4 44. hxg4 Qf4 45. Rxb7 Rxb7 46. Qxb7+ Kg8 47. Qc8+ Kh7 48. Ne3 Bh6 49. Qd7+ Bg7 50. Qxc6 Qf3 51. Qxd5 Qf4 52. Kg2 Qb8 53. a4 Qa7 54. a5 Qe7 55. Qf3 Qh4 56. a6 Qh3+ 57. Qxh3+ 1-0

[Event "Late-Titled-Tuesday-Blitz-February-20-2024"]
[Site "Chess.com"]
[Date "2024.02.20"]
[Round "8"]
[White "Supelyel"]
[Black "JackRodgers"]
[Result "1/2-1/2"]
[WhiteElo "2438"]
[BlackElo "2546"]
[TimeControl "180+1"]
[EndTime "15:29:01 PST"]
[Termination "Game drawn by repetition"]

1. c4 c5 2. Nc3 g6 3. g3 Bg7 4. Bg2 Nf6 5. Nf3 Nc6 6. O-O O-O 7. a3 d5 8. d4 cxd4 9. Nxd4 e5 10. Nxc6 bxc6 11. cxd5 cxd5 12. Nxd5 Nxd5 13. Qxd5 Rb8 14. Qxd8 Rxd8 15. e4 Rb3 16. Bg5 f6 17. Be3 Ba6 18. Rfb1 Bd3 19. Bf1 a6 20. Bxd3 Rdxd3 21. Rc1 Rxb2 22.
Rc8+ Kf7 23. Ra8 Rd6 24. Ra7+ Kg8 25. Rc1 Rb8 26. Rcc7 Bf8 27. Rxh7 Rc8 28. Bh6 Bxh6 29. Rxh6 g5 30. Rg6+ Kh8 31. Rh6+ Kg8 32. Rhh7 Rc3 33. Kg2 Rxa3 34. Kh3 Ra2 35. Kg4 Rxf2 36. Rhb7 Rd8 37. Kh5 Rxh2+ 38. Kg6 Rf8 39. Rg7+ Kh8 40. Rxa6 Rh3 41.
Raa7 g4 42. Kf5 Rh5+ 43. Kxg4 Rg5+ 44. Rxg5 fxg5 45. Kxg5 Rg8+ 46. Kf5 Rxg3 47. Kxe5 Kg8 48. Ke6 Rg6+ 49. Kd5 Kf8 50. e5 Rh6 51. Rb7 Ke8 52. Rb8+ Ke7 53. Rb7+ Ke8 54. Rc7 Kd8 55. Rg7 Ke8 56. Rg1 Ke7 57. Rg7+ Ke8 58. e6 Rh1 59. Rg8+ Ke7 60. Rg7+ Ke8 61. Rg5 Ke7 62. Rg7+ Ke8 1/2-1/2

[Event "Late-Titled-Tuesday-Blitz-February-20-2024"]
[Site "Chess.com"]
[Date "2024.02.20"]
[Round "8"]
[White "JonSnowNW1"]
[Black "manitodeplomo"]
[Result "0-1"]
[WhiteElo "2505"]
[BlackElo "2661"]
[TimeControl "180+1"]
[EndTime "15:29:04 PST"]
[Termination "manitodeplomo won by resignation"]

1. c4 g6 2. Nc3 Bg7 3. g3 c5 4. Bg2 Nc6 5. Nf3 Nh6 6. O-O Nf5 7. e3 O-O 8. b3 Bxc3 9. dxc3 b6 10. e4 Ng7 11. Bh6 Bb7 12. Qd2 d6 13. Rad1 Qc7 14.
Qg5 Rad8 15. Qh4 f6 16. Qf4 e5 17. Qc1 Ne7 18. Rfe1 Bc6 19. h4 Qb7 20. Nh2 f5 21. Bxg7 Kxg7 22. h5 Bxe4 23. Bxe4 fxe4 24. h6+ Kh8 25. Ng4 Nf5 26. Qg5 Rd7 27. Nf6 Rdf7 28.
Nxe4 Qe7 29. Qxe7 Rxe7 30. Nxd6 Nxh6 31. Rd5 Ng4 32. f4 e4 33. Rxe4 Rxe4 34. Nxe4 Re8 35. Ng5 h6 36. Nf7+ Kg7 37. Ne5 Nxe5 38. fxe5 h5 39.
Kg2 g5 40. Kf3 Kg6 41. Ke4 h4 42. Rd6+ Kh5 43. gxh4 gxh4 44. Rd7 Rh8 45. e6 h3 46.
Kf3 Kh4 47. e7 Re8 48. Rxa7 Rg8 49. Rd7 h2 50. Rd1 Rg1 51. e8=Q h1=Q+ 52. Kf4 Rg4+ 53.
Kf5 Qf3+ 54. Ke6 Re4+ 55. Kd7 Rxe8 56. Kxe8 Qxd1 0-1

[Event "Late-Titled-Tuesday-Blitz-February-20-2024"]
[Site "Chess.com"]
[Date "2024.02.20"]
[Round "8"]
[White "zajka-molotok"]
[Black "Franmu14"]
[Result "0-1"]
[WhiteElo "2517"]
[BlackElo "2683"]
[TimeControl "180+1"]
[EndTime "15:29:06 PST"]
[Termination "Franmu14 won by resignation"]

1. e4 e5 2. Nf3 Nc6 3. Nc3 Nf6 4.
Bb5 Bb4 5. O-O O-O 6. Bxc6 dxc6 7. d3 Nd7 8. Ne2 Bd6 9. Ng3 Nc5 10. Be3 a5 11. Nxe5 Bxe5 12. Bxc5 Bxb2 13. Rb1 Bc3 14. Bxf8 Qxf8 15. Rb3 Bd4 16. c3 Bb6 17. d4 Be6 18. Rb2 a4 19. Re1 Qa3 20. Qc2 Rd8 21. h3 g6 22. Ne2 Bc4 23. Nf4 c5 24. d5 Ba6 25.
c4 Bxc4 26. Re3 Bb3 27. axb3 c4 28. bxc4 Bxe3 29. fxe3 Qxe3+ 30. Qf2 Qxe4 31. c5 a3 32. Ra2 Ra8 33. Kh2 Qe5 34. Qg3 Ra4 35. Ne2 Qxg3+ 36.
Kxg3 b5 37. Nc3 Ra5 38. d6 cxd6 39. cxd6 Kf8 40. Nd5 Ke8 41. Nb4 Kd7 42. Nc2 Kxd6 43.
Rxa3 Rxa3+ 44. Nxa3 b4 45. Nc4+ Kc5 46. Nb2 Kd4 47.
Kf4 f6 48. Na4 b3 49. h4 h5 50. g3 Kd3 51. Nc5+ Kc4 52. Na4 Kb4 53. Nb2 Kc3 54.
Na4+ Kd3 55. Nc5+ Kc4 56. Nxb3 Kxb3 57. Ke4 Kc4 58. Ke3 Kd5 59. Kd3 Ke5 60. Ke3 Kf5 61.
Kf3 g5 62. hxg5 fxg5 63. Ke3 Kg4 64. Kf2 Kh3 65. Kf3 g4+ 66. Kf2 Kh2 0-1